 Dungeon Crawl Stone Soup version 0.25-a0-1079-g858b6a6 (webtiles) character file.

Game seed: 17728321020372518350, levelgen mode: deterministic

17 BlueFish the Grasshopper (level 2, -1/19 HPs)
             Began as an Octopode Warper on May 15, 2020.
             Slain by a hobgoblin
             ... wielding a cursed +0 club
              (5 damage)
             ... on level 1 of the Dungeon.
             The game lasted 00:01:35 (585 turns).

BlueFish the Grasshopper (Octopode Warper)           Turns: 585, Time: 00:01:36

Health: -1/19      AC:  1    Str: 10    XL:     2   Next: 62%
Magic:  5/5        EV: 13    Int: 15    God:
Gold:   11         SH:  0    Dex: 11    Spells: 1/5 levels left

rFire    . . .     SeeInvis .     - Unarmed
rCold    . . .     Gourm    .   (no shield)
rNeg     . . .     Faith    .   (helmet restricted)
rPois    .         Spirit   .   (no amulet)
rElec    .         Reflect  .   (no ring)
rCorr    .         Harm     .   (no ring)
MR       .....                  (no ring)
Stlth    ++........             (no ring)
HPRegen  0.06/turn              (no ring)
MPRegen  0.09/turn              (no ring)
                                (no ring)
                                (no ring)

@: no status effects
A: almost no armour, stealthy swim, amphibious, 8 rings, constrict 8, camouflage
1, gelatinous body 1
a: no special abilities


You were on level 1 of the Dungeon.
You were not hungry.

You visited 1 branch of the dungeon, and saw 1 of its levels.

You collected 11 gold pieces.

Inventory:

Missiles
 c - 4 boomerangs of dispersal
 e - 30 stones (quivered)
 f - 15 arrows
 h - 2 curare-tipped darts
 i - 18 poisoned darts
Scrolls
 a - 4 scrolls of identify {unknown}
 b - a scroll of blinking
 g - a scroll of enchant weapon {unknown}
Comestibles
 d - a ration
 j - 2 chunks of flesh


   Skills:
 * Level 2.1 Fighting
 * Level 1.1 Throwing
 * Level 2.5 Dodging
 * Level 1.1 Stealth
 * Level 2.4 Unarmed Combat
 + Level 2.1 Spellcasting
 + Level 3.0 Translocations


You had one spell level left.
You knew the following spells:

 Your Spells              Type           Power        Failure   Level  Hunger
a - Shroud of Golubria    Chrm/Tloc      #.....       19%         2    ###....
b - Blink                 Tloc           N/A          10%         2    ###....

Your spell library contained the following spells:

 Spells                   Type           Power        Failure   Level  Hunger
 Gell's Gravitas          Tloc           ##........   19%         3    ###....
 Lesser Beckoning         Tloc           ##........   19%         3    ###....
 Teleport Other           Tloc           ##......     19%         3    ###....
 Passage of Golubria      Tloc           N/A          54%         4    #####..


Dungeon Overview and Level Annotations

Branches:
Dungeon (1/15)

Altars:


Innate Abilities, Weirdness & Mutations

You cannot wear most types of armour.
You are very stealthy in the water. (Stealth+)
You are amphibious.
You can wear up to eight rings at the same time.
You can use your tentacles to constrict eight enemies at once.
Your skin changes colour to match your surroundings (Stealth+).
Your rubbery body absorbs attacks. (AC +1, EV +1)


Message History

The kobold is moderately wounded.
You constrict the kobold. The kobold barely misses you.
You tentacle-slap the kobold.
You kill the kobold!
You tentacle-slap the leopard gecko.
You kill the leopard gecko!
The hobgoblin closely misses you.
You see here a +0 club.
You closely miss the hobgoblin. Your grab misses the hobgoblin.
The hobgoblin hits you with a cursed +0 club.
You barely miss the hobgoblin. You grab the hobgoblin.
You constrict the hobgoblin.
The hobgoblin hits you with a cursed +0 club.
* * * LOW HITPOINT WARNING * * *
You barely miss the hobgoblin.
You squeeze the hobgoblin, but do no damage.
The hobgoblin is lightly wounded.
You constrict the hobgoblin.
The hobgoblin hits you with a cursed +0 club.
You die...

....≈#
#.#######.#+........
≈P≈≈≈# #.#
#........#######
≈≈..≈# #.#
#.###....# # PP≈≈≈#
#.# #......# +
###### #.###
#.##...# # #.).# #.
....# # ###.# #
.....# # #.# .......
. #@# ........ # #g#
... ..... .......
.........
#.#.#+##### #.#.


You could see a hobgoblin.

Vanquished Creatures
  A leopard gecko (D:1)
  2 goblins (D:1)
  2 hobgoblins (D:1)
  3 jackals (D:1)
  4 kobolds (D:1)
  3 rats (D:1)
15 creatures vanquished.

Notes
Turn   | Place    | Note
-------+----------+-------------------------------------------
     0 | D:1      | BlueFish the Octopode Warper began the quest for the Orb.
     0 | D:1      | Reached XP level 1. HP: 14/14 MP: 3/3
   276 | D:1      | Reached XP level 2. HP: 12/19 MP: 5/5
   289 | D:1      | Learned a level 2 spell: Shroud of Golubria
   292 | D:1      | Learned a level 2 spell: Blink
   571 | D:1      | Reached skill level 1 in Stealth
   585 | D:1      | Slain by a hobgoblin

Illustrated notes

Levels and vault maps discovered:
D:1:      lightli_arrival_flooded_house, layout_basic, nrook_mini_vaults

Skill      XL: |  1  2 |
---------------+-------+-----
Stealth        | 1 |  1.1
Fighting       | |  2.1
Throwing       | |  1.1
Dodging        | |  2.5
Unarmed Combat | |  2.4
Spellcasting   | |  2.1
Translocations | |  3.0

Action                   || total
-------------------------++-------
Melee: Unarmed           ||    30
       Constrict         ||     9
       Tentacles         ||     7
Throw: Stone             ||     2
       Boomerang         ||     1
 Stab: Sleeping          ||     3
Armor: Skin              ||     1
Dodge: Dodged            ||    10

Table legend:
 A = Non-vault XP
 B = Vault XP
 C = Vault XP percentage of total XP
 D = Non-vault monster count
 E = Vault monster count
 F = Vault count percentage of total count
                 A         B        C        D         E       F
            +---------+---------+-------+---------+---------+-------
      Total |      25 |       0 |   0.0 |      15 |       0 |   0.0
            +---------+---------+-------+---------+---------+-------
        D:1 |      25 |       0 |   0.0 |      15 |       0 |   0.0
            +---------+---------+-------+---------+---------+-------
